 Dungeon Crawl Stone Soup version 0.30.0-29-ga12c61a403 (webtiles) character file.

Game seed: 6700282535754341374

1443 safid the Frost Mage (level 8, -7/60 (65) HPs)
             Began as a Merfolk Ice Elementalist on June 9, 2023.
             Was an Initiate of Vehumet.
             Shot with a sling bullet by Joseph (18 damage)
             ... on level 7 of the Dungeon.
             The game lasted 00:06:52 (6199 turns).

safid the Frost Mage (Merfolk Ice Elementalist)     Turns: 6199, Time: 00:06:52

HP:   -7/60 (65)    AC:  7    Str:  9    XL:     8   Next: 74%
MP:   16/16         EV: 12    Int: 16    God:    Vehumet [......]
Gold: 225           SH:  0    Dex: 14    Spells: 11/18 levels left

rFire   . . .        q - +1 demon trident (drain)
rCold   + + .        (no shield)
rNeg    . . .        t - +1 robe {rC+}
rPois   .            k - +0 helmet
rElec   .            (no cloak)
rCorr   .            (no gloves)
SInv    .            z - +2 pair of boots
Will    .....        d - amulet of magic regeneration
Stlth   ++           h - ring of protection from cold
HPRegen 0.30/turn    (no ring)
MPRegen 0.55/turn

%: no passive effects
@: drained
A: (nimble swimmer 2), mertail
a: Renounce Religion


You were on level 7 of the Dungeon.
You worshipped Vehumet.
Vehumet was noncommittal.
You visited 1 branch of the dungeon, and saw 7 of its levels.

You collected 225 gold pieces.

Inventory:

Hand Weapons
 q - a +1 demon trident of draining (weapon)
Armour
 k - a +0 helmet (worn)
 t - a +1 robe of cold resistance (worn)
 z - a +2 pair of boots (worn)
Jewellery
 d - an amulet of magic regeneration (around neck)
 h - a ring of protection from cold (left hand)
Wands
 s - a wand of digging (8)
 u - a wand of charming (21)
Scrolls
 a - a scroll of fog {unknown}
 c - a scroll of teleportation {unknown}
 e - 3 scrolls of magic mapping
 f - 2 scrolls of blinking
 j - a scroll of fear {unknown}
 m - a scroll of enchant armour {unknown}
 n - 2 scrolls of noise {unknown}
 p - a scroll of amnesia {unknown}
 w - 2 scrolls of immolation {unknown}
 y - 2 scrolls of enchant weapon {unknown}
Potions
 b - a potion of magic
 g - 2 potions of attraction {unknown}
 i - a potion of heal wounds {unknown}
 l - 2 potions of curing
 o - a potion of berserk rage {unknown}
 r - 3 potions of brilliance {unknown}
 x - a potion of might {unknown}


   Skills:
 + Level 6.4 Fighting
 - Level 2.6 Dodging
 - Level 2.1 Stealth
 + Level 5.9 Spellcasting
 + Level 8.0 Ice Magic


You had 11 spell levels left.
You knew the following spells:

 Your Spells              Type           Power      Damage    Failure   Level
a - Freeze                Ice            100%       1d10      1%          1
b - Frozen Ramparts       Ice            60%        1d10      1%          3
c - Ozocubu's Armour      Ice            30%        N/A       1%          3

Your spell library contained the following spells:

 Spells                   Type           Power      Damage    Failure   Level
 Ensorcelled Hibernation  Hex/Ice        34%        N/A       4%          2
 Beastly Appendage        Tmut           8%         N/A       14%         1
 Passwall                 Tmut/Erth      3%         N/A       22%         2
 Wereblood                Tmut           4%         N/A       22%         2
 Summon Ice Beast         Ice/Summ       17%        N/A       26%         4
 Ignite Poison            Fire/Tmut/Pois 4%         N/A       38%         3
 Spider Form              Tmut/Pois      4%         N/A       38%         3
 Swiftness                Air            4%         N/A       38%         3
 Sticky Flame             Conj/Fire      4%         2d3       80%         4
 Ignition                 Fire           2%         3d3       100%        8


Dungeon Overview and Level Annotations

Branches:
Dungeon (7/15)             Temple (0/1) D:6

Altars:
Makhleb
Qazlal
Vehumet
Wu Jian
Yredelemnul
Zin

Annotations:
D:7 Joseph


Innate Abilities, Weirdness & Mutations

((You are very nimble when in or above water. (Stealth+, EV+, Speed+++)))
Your lower body shifts to a powerful aquatic tail in water.


Message History

Joseph, a Mercenary comes into view.
He is wielding a +0 quarterstaff of draining.
Found 6 stones and 5 gold pieces.
Found a stone staircase leading up.
You closely miss the phantom. The phantom hits you.
You closely miss the phantom. The phantom hits you.
The phantom hits you but does no damage.
You hit the phantom but do no damage.
The phantom hits you but does no damage.
You closely miss the phantom. The phantom barely misses you.
You closely miss the phantom.
Joseph shouts!
The phantom hits you but does no damage.
Joseph unwields a +0 quarterstaff of draining.
Joseph wields a +0 sling.
Joseph shoots a sling bullet.
The sling bullet hits you! The phantom hits you.
The phantom blinks!
You blink.
You puncture the phantom!
The phantom is heavily damaged.
The phantom completely misses you.
Joseph shoots a sling bullet.
The sling bullet hits you!!
You are too injured to fight recklessly!
You are too injured to fight recklessly!
You are too injured to fight recklessly!
You are too injured to fight recklessly!
You are too injured to fight recklessly!
You are too injured to fight recklessly!
You are too injured to fight recklessly!
You are too injured to fight recklessly!
You are too injured to fight recklessly!
You are too injured to fight recklessly!
Unknown command.
Unknown command.
You hit the phantom but do no damage.
The phantom is heavily damaged.
The phantom completely misses you.
Joseph shoots a sling bullet.
The sling bullet hits you!
* * * LOW HITPOINT WARNING * * *
Unknown command.
You feel better.
The phantom hits you but does no damage.
Joseph shoots a sling bullet.
The sling bullet hits you!!
You die...

#.#..# #####...#.# ..#..#
#.........# #.#..#
#.#####.####.#
..#..########............#
...........................
....#########.####.........
..####.. #.# #######...
....##.# #.##.####.......##
..#.##.# #.....W@.....<..#
..#....# ####........@...#
..####<# #............# ..#
#...................#
..+.....)..............(#
..###........###........#
### #........##..#......#
#######.........#####
.........#


You could see Joseph and a phantom.

Vanquished Creatures
  Menkaure (D:5)
  A water moccasin (D:6)
  An ogre (D:4)
  2 phantoms (D:5)
  2 scorpions
  A bullfrog (D:4)
  A necrophage (D:4)
  5 wights (D:7)
  4 hounds
  A jelly (D:6)
  A sleepcap (D:7)
  An iguana (D:6)
  An orc wizard (D:6)
  A hound skeleton (D:4)
  Robin (D:2)
  9 adders
  A white imp (D:4)
  A worm (D:5)
  5 dart slugs
  16 orcs
  11 endoplasms
  4 giant cockroaches
  13 goblins
  9 hobgoblins
  A quokka (D:1)
  5 ball pythons
  7 bats
  7 frilled lizards
  7 kobolds
  6 rats
126 creatures vanquished.

Notes
Turn   | Place    | Note
-------+----------+-------------------------------------------
     0 | D:1      | safid the Merfolk Ice Elementalist began the quest for the
                  | Orb.
     0 | D:1      | Reached XP level 1. HP: 13/13 MP: 3/3
   253 | D:1      | Reached XP level 2. HP: 20/20 MP: 5/5
   265 | D:1      | Reached skill level 1 in Fighting
   688 | D:1      | Reached XP level 3. HP: 26/26 MP: 6/6
  1174 | D:2      | Found a faded altar of an unknown god.
  1183 | D:2      | Reached skill level 5 in Ice Magic
  1183 | D:2      | Reached XP level 4. HP: 28/33 MP: 2/8
  1349 | D:2      | Found a stormy altar of Qazlal.
  1545 | D:2      | Noticed Robin
  1571 | D:2      | Killed Robin
  1572 | D:2      | Reached XP level 5. HP: 39/39 MP: 5/9
  1600 | D:2      | Learned a level 3 spell: Frozen Ramparts
  1604 | D:2      | Learned a level 3 spell: Ozocubu's Armour
  3114 | D:4      | Reached XP level 6. HP: 47/47 MP: 11/11
  3248 | D:4      | Found an ornate altar of the Wu Jian Council.
  3304 | D:4      | Found a basalt altar of Yredelemnul.
  3384 | D:4      | Found a burning altar of Makhleb.
  3418 | D:4      | Reached skill level 6 in Ice Magic
  3496 | D:4      | Reached XP level 7. HP: 42/54 MP: 11/13
  4071 | D:5      | Entered Level 5 of the Dungeon
  4325 | D:5      | Reached skill level 5 in Fighting
  4460 | D:5      | Found a radiant altar of Vehumet.
  4464 | D:5      | Reached skill level 7 in Ice Magic
  4472 | D:5      | Became a worshipper of Vehumet
  4610 | D:5      | Noticed Menkaure
  4620 | D:5      | Killed Menkaure
  4621 | D:5      | Reached skill level 5 in Spellcasting
  4621 | D:5      | Reached XP level 8. HP: 12/63 MP: 13/15
  5203 | D:6      | Found a staircase to the Ecumenical Temple.
  5344 | D:6      | Found a glowing silver altar of Zin.
  6158 | D:7      | Reached skill level 8 in Ice Magic
  6191 | D:7      | Noticed Joseph
  6199 | D:7      | Shot with a sling bullet by Joseph

Illustrated notes

Levels and vault maps discovered:
D:1:      dpeg_arrival_boxes_within_box, layout_basic
D:2:      layout_loops_corners, basic_altar,
          shapermc_ecumenical_altar_starsandcircs, uniq_robin
D:3:      layout_loops_corners
D:4:      layout_cave_pods, nzn_wu_jian_contemplation,
          makhleb_blood_cavern_becter, kennysheep_little_box
D:5:      layout_cave_pools, nicolae_vehumet_radiance, uniq_menkaure
D:6:      layout_basic, lemuel_tele_altar, minmay_temple_entry_ruins
D:7:      layout_basic, general_overflow_altar, uniq_pikel, uniq_joseph

Skill      XL: |  1  2  3  4  5  6  7  8 |
---------------+-------------------------+-----
Fighting       | 1 2 3 4 5 6 |  6.4
Ice Magic      | 5 6 7 8 |  8.0
Spellcasting   | 3 4 5 |  5.9
Dodging        | |  2.6
Stealth        | |  2.1

Action                     |  1- 3 |  4- 6 |  7- 9 || total
---------------------------+-------+-------+-------++-------
  Melee: Unarmed           |    10 |       |       ||    10
         Short sword       |    64 |    74 |       ||   138
         Tailslap          |       |     1 |       ||     1
         Demon trident     |       |    50 |   156 ||   206
         Punch             |       |       |     1 ||     1
   Cast: Freeze            |    17 |    24 |       ||    41
         Frozen Ramparts   |       |     2 |     8 ||    10
         Ozocubu's Armour  |       |     1 |     4 ||     5
    Use: Scroll            |       |       |     3 ||     3
         Potion            |       |       |     2 ||     2
   Stab: Sleeping          |     6 |     8 |     1 ||    15
 Armour: Robe              |     7 |    29 |    37 ||    73
  Dodge: Dodged            |    36 |    63 |    67 ||   166
